 Dungeon Crawl Stone Soup version 0.25-a0-578-gc91f01c39c (webtiles) character file.

Game seed: 6032668151677118356, levelgen mode: deterministic

157825 RedPan the Nimble (level 17, 0/147 HPs)
             Began as a Gnoll Wanderer on Feb 28, 2020.
             Was a High Priest of Okawaru.
             Slain by a nagaraja
             ... wielding a +0 whip
              (1 damage)
             ... on level 4 of the Snake Pit on Mar 3, 2020.
             The game lasted 01:53:28 (40577 turns).

RedPan the Nimble (Gnoll Wanderer)                 Turns: 40577, Time: 01:53:29

Health: 0/147      AC: 36    Str: 21    XL:     17   Next: 70%
Magic:  32/32      EV: 13    Int: 18    God:    Okawaru [*****.]
Gold:   700        SH:  0    Dex: 14    Spells: 31/39 levels left

rFire    + . .     SeeInvis +   c - +9 glaive (flame)
rCold    . . .     Gourm    +   (shield currently unavailable)
rNeg     . . .     Faith    .   n - +9 plate armour "Xotim" {Stlth+}
rPois    .         Spirit   .   X - +1 hat {SInv}
rElec    +         Reflect  .   e - +0 cloak {rPois}
rCorr    .         Harm     .   V - +2 pair of gloves {archery}
MR       +....                  s - +2 pair of boots {Stlth+}
Stlth    ++++......             C - amulet of the gourmand
HPRegen  0.34/turn              F - ring "Fughunt" {rElec rF+ MR- Int+4}
MPRegen  0.23/turn              R - ring of protection from magic

@: lethally poisoned (0 -> -20), heroism, poison vulnerable, constricted
A: distributed training, fangs 1, dopey 1, robust 1, strong nose
a: Heroism, Finesse, Renounce Religion


You were on level 4 of the Snake Pit.
You worshipped Okawaru.
Okawaru was extremely pleased with you.
You were completely stuffed.

You visited 5 branches of the dungeon, and saw 28 of its levels.
You visited 1 bazaar.
You also visited: Ossuary, Bailey and Gauntlet.

You collected 3859 gold pieces.
You spent 3159 gold pieces at shops.

Inventory:

Hand Weapons
 c - a +9 glaive of flaming (weapon)
 H - a +0 great mace of holy wrath
 M - the +9 war axe of Jueq {drain, rElec MR- Int+4}
   (You found it on level 2 of the Lair of Beasts)

   A truly terrible weapon, it drains the life of those it strikes.
   It affects your intelligence (+4).
   It insulates you from electricity.
   It affects your resistance to hostile enchantments.
Missiles
 G - 14 javelins (quivered)
 Z - 17 silver javelins
Armour
 e - a +0 cloak of poison resistance (worn)
 n - the +9 plate armour "Xotim" (worn) {Stlth+}
   (You bought it in a shop on level 10 of the Dungeon)

   It makes you more stealthy.
   If you remove this armour, your AC will decrease by 26 (36 -> 10).
 s - a +2 pair of boots of stealth (worn)
 V - a +2 pair of gloves of archery (worn)
 X - a +1 hat of see invisible (worn)
Jewellery
 o - an uncursed ring of positive energy
 y - an uncursed ring of ice
 C - an amulet of the gourmand (around neck)
 F - the ring "Fughunt" (left hand) {rElec rF+ MR- Int+4}
   (You bought it in a shop on level 2 of the Snake Pit)

   [ring of protection from fire]

   It affects your intelligence (+4).
   It protects you from fire.
   It insulates you from electricity.
   It affects your resistance to hostile enchantments.
 O - an uncursed ring of see invisible
 R - a ring of protection from magic (right hand)
 S - an uncursed ring of fire
 U - an uncursed ring of resist corrosion
Wands
 g - a wand of digging (17)
 k - a wand of iceblast (13)
 w - a wand of disintegration (11)
 K - a wand of paralysis (8)
 N - a wand of random effects (50)
 Y - a wand of acid (27)
Scrolls
 a - 2 scrolls of blinking
 b - 7 scrolls of teleportation
 j - 8 scrolls of identify
 m - 7 scrolls of magic mapping
 p - 14 scrolls of remove curse
 t - 4 scrolls of fog
 x - 6 scrolls of fear
 P - 2 scrolls of amnesia
 W - 3 scrolls of brand weapon
Potions
 d - 2 potions of berserk rage
 h - 3 potions of curing
 q - 2 potions of mutation
 r - 2 potions of magic
 v - a potion of might
 z - 2 potions of flight
 A - 4 potions of stabbing
 B - a potion of heal wounds
 D - 2 potions of brilliance
 E - a potion of cancellation
 I - a potion of haste
 Q - a potion of lignification
Miscellaneous
 u - a phantom mirror
 J - a lamp of fire
 L - a phial of floods
Comestibles
 f - 36 rations


   Skills:
 + Level 12.3(17.3) Fighting
 + Level 11.5(16.5) Short Blades
 + Level 11.5(16.5) Long Blades
 + Level 11.5(16.5) Axes
 + Level 11.5(16.5) Maces & Flails
 + Level 11.8(16.8) Polearms
 + Level 11.8(16.8) Staves
 + Level 11.5(16.5) Slings
 + Level 11.5(16.5) Bows
 + Level 11.5(16.5) Crossbows
 + Level 11.5(16.5) Throwing
 + Level 11.5(16.5) Armour
 + Level 13.0(18.0) Dodging
 + Level 12.2(17.2) Stealth
 + Level 11.5(16.5) Shields
 + Level 11.5(16.5) Unarmed Combat
 + Level 11.5 Spellcasting
 + Level 9.9 Conjurations
 + Level 9.9 Hexes
 + Level 9.9 Charms
 + Level 9.9 Summonings
 + Level 9.9 Necromancy
 + Level 9.9 Translocations
 + Level 9.9 Transmutations
 + Level 9.9 Fire Magic
 + Level 9.9 Ice Magic
 + Level 9.9 Air Magic
 + Level 9.9 Earth Magic
 + Level 9.9 Poison Magic
 + Level 12.4 Invocations
 + Level 11.8 Evocations


You had 31 spell levels left.
You knew the following spells:

 Your Spells              Type           Power        Failure   Level  Hunger
a - Mephitic Cloud        Conj/Pois/Air  #####...     3%          3    None
b - Tukima's Dance        Hex            #####...     3%          3    None
c - Swiftness             Chrm/Air       #####...     1%          2    None

Your spell library contained the following spells:

 Spells                   Type           Power        Failure   Level  Hunger
 Animate Skeleton         Necr           N/A          1%          1    None
 Apportation              Tloc           #####.       1%          1    None
 Corona                   Hex            #####..      1%          1    None
 Magic Dart               Conj           ####         1%          1    None
 Shock                    Conj/Air       ####         1%          1    None
 Sting                    Tmut/Pois      ####         1%          1    None
 Summon Small Mammal      Summ           ####         1%          1    None
 Blink                    Tloc           N/A          1%          2    None
 Call Imp                 Summ           #####...     1%          2    None
 Ensorcelled Hibernation  Hex/Ice        #####.       1%          2    None
 Poisonous Vapours        Pois/Air       #####.       1%          2    None
 Searing Ray              Conj           #####.       1%          2    None
 Slow                     Hex            #####...     1%          2    None
 Confusing Touch          Hex            #####...     3%          3    None
 Conjure Flame            Conj/Fire      #####...     3%          3    None
 Dazzling Flash           Conj/Hex       #####.       3%          3    None
 Gell's Gravitas          Tloc           #####.....   3%          3    None
 Ignite Poison            Fire/Tmut/Pois #####...     3%          3    None
 Lesser Beckoning         Tloc           #####.....   3%          3    None
 Static Discharge         Conj/Air       #####...     3%          3    None
 Airstrike                Air            #####.....   11%         4    ##.....
 Cause Fear               Hex            #####.....   11%         4    ##.....
 Olgreb's Toxic Radiance  Pois           #####...     11%         4    ##.....
 Passage of Golubria      Tloc           N/A          11%         4    ##.....
 Petrify                  Tmut/Erth      #####...     11%         4    ##.....
 Summon Lightning Spire   Summ/Air       #####...     11%         4    ##.....
 Irradiate                Conj/Tmut      #####.....   28%         5    ####...
 Lightning Bolt           Conj/Air       #####.....   28%         5    ####...
 Metabolic Englaciation   Hex/Ice        #####.....   28%         5    ####...
 Silence                  Hex/Air        #####.....   28%         5    ####...
 Yara's Violent Unravell  Hex/Tmut       #####.....   28%         5    ####...
 Deflect Missiles         Chrm/Air       #####.....   85%         6    ######.
 Freezing Cloud           Conj/Ice/Air   #####.....   85%         6    ######.
 Shadow Creatures         Summ           N/A          85%         6    ######.
 Ring of Flames           Chrm/Fire      #####.....   100%        7    #######
 Discord                  Hex            #####.....   100%        8    #######
 Disjunction              Tloc           #####.....   100%        8    #######
 Ignition                 Fire           #####.....   100%        8    #######
 Shatter                  Erth           #####.....   100%        9    #######
 Tornado                  Air            #####.....   100%        9    #######


Dungeon Overview and Level Annotations

Branches:
Dungeon (15/15)            Temple (1/1) D:5            Lair (6/6) D:8
 Shoals (0/4) Lair:2        Snake (4/4) Lair:4        Slime (0/5) Lair:5
    Orc (2/2) D:12            Elf (0/3) Orc:2        Vaults (0/5) D:14
 Depths (0/5) D:15        Ossuary (visited)          Bailey (visited)
Gauntlet (visited)

Altars:
Ashenzari
Dithmenos
Elyvilon
Fedhas
Gozag
Hepliaklqana
Kikubaaqudgha
Makhleb
Okawaru
Qazlal
Sif Muna
Trog
Uskayaw
Vehumet
Wu Jian
Xom
Yredelemnul
Zin
The Shining One
Beogh

Shops:
D:8 !=?:   D:10 [   D:14 !   Orc:2 (}!:   Snake:1 [   Snake:2 }}=}

Annotations:
D:4 1 runed translucent door, Gargoyl's ghost, novice CeAK


Innate Abilities, Weirdness & Mutations

Your experience applies equally to all skills.
You have very sharp teeth.
Your uncanny sense of smell can sniff out nearby items.
You are dopey. (Int -2)
You are robust. (+10% HP)


Message History

You slash the nagaraja! You burn the nagaraja. Your bite misses the nagaraja.
The nagaraja is almost dead.
You feel sick. The nagaraja spits poison at you.
The splash of poison misses you. The nagaraja constricts you.
Unknown command.
Your plate armour "Xotim" prevents you from hitting the nagaraja.
You bite the nagaraja, but do no damage.
The nagaraja is almost dead.
You feel sick.
The nagaraja hits you but does no damage.
The nagaraja constricts you.
Unknown command.
You completely miss the nagaraja. Your bite misses the nagaraja.
The nagaraja is severely wounded.
The nagaraja gestures at you while chanting.
The bolt of poison hits you!!
You are more poisoned.
* * * LOW HITPOINT WARNING * * *
You die...

#.........##..##.....#
#.....#...#)...##..###
#.....#####N....####
#.......##.NSSN..#
#........#..S# ∆ #
#........#.S##
#..)()..(#..#
#######....)N..#..# .⌠N
######.........†@#..#..#
...
.................#..#..#
...
..............[..#))#..#
S..
....##'######....#...).#
..N
..#'#..#.#..##...#.().##
#..
..#..........#...#†...#
#
..#####).≈≈÷##...##..##
..)...#≈≈≈≈≈).....####
......≈≈≈≈..≈.........


You could see a nagaraja.

Vanquished Creatures
  Saint Roka (Snake:3)
  Frances (D:12)
  4 nagarajas
  Aizul (Snake:1)
  2 orc warlords
  6 dire elephants (Lair:6)
  A minotaur (Gauntlet)
  The ghost of Kenorope the Thaumaturge, a journeyman DEFE of Vehumet (Lair:2)
  An ettin (D:14)
  2 ogre magi
  Harold (Lair:1)
  2 yaktaur captains
  8 hydras
  Erolcha (Orc:2)
  4 centaur warriors
  14 anacondas
  3 naga warriors
  A tengu warrior (Gauntlet)
  5 two-headed ogres
  5 naga sharpshooters
  5 shock serpents
  A skeletal warrior (D:14)
  4 salamander mystics
  4 sixfirhies (Gauntlet)
  A sea snake (Snake:4)
  6 unseen horrors
  A glowing orange brain (D:13)
  6 naga ritualists
  A harpy (D:13)
  2 orc knights
  9 orc sorcerers (Orc:2)
  9 mana vipers
  A lindwurm (Lair:3)
  5 cyclopes
  2 deep elf magi
  A manticore (D:11)
  2 ugly things
  4 elephants (Lair:6)
  13 salamanders
  Joseph (D:7)
  A centaur zombie (D:13)
  7 guardian serpents
  28 black mambas
  A merfolk siren (Lair:2)
  12 naga magi
  17 spiny frogs
  3 gargoyles
  Maggie (D:7)
  3 rime drakes
  5 kobold demonologists
  3 efreet
  7 komodo dragons
  3 freezing wraiths (Snake:3)
  3 demonic crawlers (D:13)
  A polar bear (Lair:6)
  A queen bee (Lair:2)
  11 trolls
  3 meliai (D:15)
  3 hornets
  A meliai zombie (D:15)
  4 blink frogs (Lair:1)
  16 hippogriffs
  4 dream sheep (Lair:5)
  6 flying skulls (Gauntlet)
  A water elemental (D:12)
  32 yaks
  A human (D:7)
  3 wyverns
  Sigmund (D:2)
  3 small abominations (D:13)
  4 hogs (D:7)
  4 wraiths
  4 basilisks
  3 hungry ghosts
  A steam dragon (D:11)
  18 nagas
  17 wargs
  Menkaure (D:7)
  An acid dragon (D:14)
  A soldier ant (shapeshifter) (D:13)
  A soldier ant (D:15)
  A floating eye (D:13)
  16 porcupines
  Duvessa (D:5)
  19 water moccasins
  3 black bears (D:10)
  5 ice beasts
  43 orc warriors
  2 hornet zombies
  4 eyes of draining
  5 phantoms
  6 sky beasts
  2 necrophages (D:7)
  A boggart (D:14)
  10 ogres
  16 centaurs
  9 wolves
  14 crocodiles
  2 big kobolds
  18 bullfrogs
  Dowan (D:5)
  8 scorpions
  6 killer bees (Lair:2)
  2 electric eels
  11 wights
  9 crimson imps
  2 quasits
  6 hounds
  5 jellies
  16 orc priests
  2 bullfrog skeletons
  4 centaur skeletons
  A gnoll shaman (Orc:1)
  6 iguanas
  45 orc wizards
  12 worker ants
  2 hound skeletons (D:9)
  3 mummies (Ossuary)
  A worker ant zombie (D:11)
  Robin (D:4)
  5 gnolls
  23 adders
  A shadow imp (D:15)
  3 oozes
  4 adder skeletons
  2 worms
  4 dart slugs
  4 leopard geckos
  147 orcs
  10 giant cockroaches
  13 goblins
  7 hobgoblins
  14 jackals
  4 quokkas
  7 ball pythons
  3 bats
  A frilled lizard (D:4)
  A goblin zombie (Ossuary)
  4 hobgoblin zombies (Ossuary)
  15 kobolds
  4 kobold zombies (Ossuary)
  A leopard gecko skeleton (D:7)
  An orc zombie (Ossuary)
  7 rats
  3 plants (Lair:6)
990 creatures vanquished.

Vanquished Creatures (collateral kills)
  A crimson imp (D:5)
1 creature vanquished.

Vanquished Creatures (others)
  A hydra (D:13)
  A tengu conjurer (Gauntlet)
  A naga (Snake:4)
  A wyvern skeleton (D:13)
  A crimson imp (D:12)
  A worker ant (D:13)
  An orc (D:13)
  A bush (D:7)
  14 demonic plants (Gauntlet)
  6 fungi
  6 plants
  2 withered plants (D:4)
36 creatures vanquished.

Grand Total: 1027 creatures vanquished

Notes
Turn   | Place    | Note
-------+----------+-------------------------------------------
     0 | D:1      | RedPan the Gnoll Wanderer began the quest for the Orb.
     0 | D:1      | RedPan set off with the following items: a +2 spear, a
                  | scroll of teleportation, a potion of lignification, a +0
                  | robe, a +0 dagger, a ration
     0 | D:1      | Reached XP level 1. HP: 20/20 MP: 2/2
   199 | D:1      | Reached XP level 2. HP: 26/26 MP: 3/3
   705 | D:1      | Reached XP level 3. HP: 31/31 MP: 4/4
   864 | D:2      | Reached skill level 1 in Invocations
   965 | D:2      | Noticed Sigmund
   980 | D:2      | Gained mutation: You are dopey. (Int -2) [potion of
                  | mutation]
   980 | D:2      | Gained mutation: You are robust. (+10% HP) [potion of
                  | mutation]
   986 | D:2      | Killed Sigmund
   986 | D:2      | Reached skill level 1 in Short Blades
   986 | D:2      | Reached skill level 1 in Long Blades
   986 | D:2      | Reached skill level 1 in Axes
   986 | D:2      | Reached skill level 1 in Maces & Flails
   986 | D:2      | Reached skill level 1 in Slings
   986 | D:2      | Reached skill level 1 in Bows
   986 | D:2      | Reached skill level 1 in Crossbows
   986 | D:2      | Reached skill level 1 in Throwing
   986 | D:2      | Reached skill level 1 in Armour
   986 | D:2      | Reached skill level 1 in Shields
   986 | D:2      | Reached skill level 1 in Unarmed Combat
   986 | D:2      | Reached skill level 1 in Spellcasting
   986 | D:2      | Reached skill level 1 in Conjurations
   986 | D:2      | Reached skill level 1 in Hexes
   986 | D:2      | Reached skill level 1 in Charms
   986 | D:2      | Reached skill level 1 in Summonings
   986 | D:2      | Reached skill level 1 in Necromancy
   986 | D:2      | Reached skill level 1 in Translocations
   986 | D:2      | Reached skill level 1 in Transmutations
   986 | D:2      | Reached skill level 1 in Fire Magic
   986 | D:2      | Reached skill level 1 in Ice Magic
   986 | D:2      | Reached skill level 1 in Air Magic
   986 | D:2      | Reached skill level 1 in Earth Magic
   986 | D:2      | Reached skill level 1 in Poison Magic
   986 | D:2      | Reached XP level 4. HP: 41/41 MP: 4/6
   986 | D:2      | Reached XP level 5. HP: 47/47 MP: 4/7
  1131 | D:2      | Found a burning altar of Makhleb.
  1450 | D:3      | Reached XP level 6. HP: 55/55 MP: 8/8
  1709 | D:3      | Found a faded altar of an unknown god.
  1928 | D:4      | Reached skill level 5 in Fighting
  1967 | D:4      | Noticed Robin
  2028 | D:4      | Killed Robin
  2233 | D:4      | Found a runed translucent door.
  2233 | D:4      | Noticed Gargoyl's ghost (novice CeAK)
  2451 | D:4      | Reached XP level 7. HP: 46/61 MP: 10/10
  2693 | D:5      | Entered Level 5 of the Dungeon
  2706 | D:5      | Reached skill level 7 in Dodging
  2790 | D:5      | Found a sand-covered staircase.
  2801 | Ossuary  | Entered an ossuary
  2801 | Ossuary  | Noticed a wraith
  2801 | Ossuary  | Noticed a wraith
  2801 | Ossuary  | Noticed a wraith
  2989 | Ossuary  | Noticed a wraith
  3002 | Ossuary  | Killed a wraith
  3002 | Ossuary  | Reached skill level 5 in Stealth
  3251 | D:5      | Reached XP level 8. HP: 56/69 MP: 12/12
  3530 | D:5      | Noticed Duvessa
  3530 | D:5      | Noticed Dowan
  3542 | D:5      | Killed Duvessa
  3545 | D:5      | Killed Dowan
  4108 | D:5      | Found a staircase to the Ecumenical Temple.
  4149 | Temple   | Entered the Ecumenical Temple
  4849 | D:6      | Reached XP level 9. HP: 75/75 MP: 14/14
  5171 | D:6      | Reached skill level 5 in Short Blades
  5171 | D:6      | Reached skill level 5 in Long Blades
  5171 | D:6      | Reached skill level 5 in Axes
  5171 | D:6      | Reached skill level 5 in Maces & Flails
  5171 | D:6      | Reached skill level 5 in Slings
  5171 | D:6      | Reached skill level 5 in Bows
  5171 | D:6      | Reached skill level 5 in Crossbows
  5171 | D:6      | Reached skill level 5 in Throwing
  5171 | D:6      | Reached skill level 5 in Armour
  5171 | D:6      | Reached skill level 8 in Dodging
  5171 | D:6      | Reached skill level 5 in Shields
  5171 | D:6      | Reached skill level 5 in Unarmed Combat
  5171 | D:6      | Reached skill level 5 in Spellcasting
  5171 | D:6      | Reached XP level 10. HP: 86/86 MP: 14/18
  6533 | D:7      | Found a blossoming altar of Fedhas.
  6610 | D:7      | Noticed Menkaure
  6618 | D:7      | Killed Menkaure
  6618 | D:7      | Reached skill level 9 in Dodging
  6703 | D:7      | Noticed Maggie
  6724 | D:7      | Reached skill level 5 in Conjurations
  6724 | D:7      | Reached skill level 5 in Hexes
  6724 | D:7      | Reached skill level 5 in Charms
  6724 | D:7      | Reached skill level 5 in Summonings
  6724 | D:7      | Reached skill level 5 in Necromancy
  6724 | D:7      | Reached skill level 5 in Translocations
  6724 | D:7      | Reached skill level 5 in Transmutations
  6724 | D:7      | Reached skill level 5 in Fire Magic
  6724 | D:7      | Reached skill level 5 in Ice Magic
  6724 | D:7      | Reached skill level 5 in Air Magic
  6724 | D:7      | Reached skill level 5 in Earth Magic
  6724 | D:7      | Reached skill level 5 in Poison Magic
  6739 | D:7      | Killed Maggie
  7263 | D:7      | Noticed Joseph
  7279 | D:7      | Killed Joseph
  7279 | D:7      | Reached XP level 11. HP: 76/94 MP: 20/20
  7693 | D:8      | Found Guilis's Jewellery Emporium.
  7725 | D:8      | Found Keocitz's Magic Scroll Emporium.
  7726 | D:8      | Found Wusem's Book Emporium.
  7726 | D:8      | Found Qegrer's Distillery.
  7743 | D:8      | Bought a potion of curing for 39 gold pieces
  7743 | D:8      | Bought 2 potions of heal wounds for 130 gold pieces
  7743 | D:8      | Bought a potion of heal wounds for 65 gold pieces
  7746 | D:8      | Bought a scroll of fear for 52 gold pieces
  7746 | D:8      | Bought a scroll of identify for 30 gold pieces
  7756 | D:8      | Found a staircase to the Lair.
  9162 | D:9      | Found an opulent altar of Gozag.
  9249 | D:9      | Learned a level 3 spell: Mephitic Cloud
  9323 | D:9      | Got a shimmering tower shield
  9324 | D:9      | Identified the +0 tower shield of Xuquakk {*Corrode rC+
                  | Dex+2} (You found it on level 9 of the Dungeon)
  9935 | D:9      | Got a translucent war axe
  9936 | D:9      | Identified the +5 war axe "Enyl" {flame, Str+3} (You found
                  | it on level 9 of the Dungeon)
  9947 | D:10     | Entered Level 10 of the Dungeon
  9960 | D:10     | Got a transparent buckler
  9961 | D:10     | Identified the +1 buckler "Jaczubustov" {rElec} (You found
                  | it on level 10 of the Dungeon)
  9989 | D:10     | Killed an unseen horror
 10158 | D:10     | Found Waisank's Armour Shop.
 10176 | D:10     | Bought a +0 cloak for 58 gold pieces
 10193 | D:10     | Noticed a brown ugly thing
 10205 | D:10     | Killed a brown ugly thing
 10571 | D:10     | Found a flagged portal.
 10577 | Bailey   | Entered a bailey
 11334 | Bailey   | Identified the +1 plate armour "Cink" {*Slow Str+3 Dex+4}
 11437 | Bailey   | Reached XP level 12. HP: 103/103 MP: 22/22
 12277 | Temple   | Became a worshipper of Warmaster Okawaru
 12380 | Lair:1   | Entered Level 1 of the Lair of Beasts
 12809 | Lair:1   | Noticed Harold
 12824 | Lair:1   | Killed Harold
 12903 | Lair:1   | Reached * piety under Okawaru
 14114 | Lair:2   | Noticed a six-headed hydra
 14122 | Lair:2   | Killed a two-headed hydra
 14122 | Lair:2   | Reached ** piety under Okawaru
 14122 | Lair:2   | Reached skill level 10 in Dodging
 14775 | Lair:2   | Found a transporter.
 14776 | Lair:2   | Noticed Kenorope's ghost (journeyman DEFE)
 14778 | Lair:2   | Found a transporter.
 14840 | Lair:2   | Found a staircase to the Shoals.
 15143 | Lair:2   | Killed Kenorope's ghost
 15158 | Lair:2   | Reached *** piety under Okawaru
 15344 | Lair:2   | Got an encrusted war axe
 15345 | Lair:2   | Identified the +9 war axe of Jueq {drain, rElec MR- Int+4}
                  | (You found it on level 2 of the Lair of Beasts)
 15605 | Lair:3   | Reached XP level 13. HP: 111/111 MP: 24/24
 15720 | Lair:3   | You fall into a shaft and drop 1 floor!
 15720 | Lair:4   | Found a staircase to the Snake Pit.
 15932 | Lair:4   | Reached **** piety under Okawaru
 16768 | Lair:4   | Reached ***** piety under Okawaru
 17102 | Lair:5   | Received a gift from Okawaru
 17412 | Lair:5   | Received a gift from Okawaru
 18318 | Lair:5   | Found a staircase to the Slime Pits.
 18464 | Lair:6   | Entered Level 6 of the Lair of Beasts
 19282 | Lair:6   | Reached XP level 14. HP: 109/119 MP: 26/26
 19692 | Lair:6   | Reached skill level 10 in Fighting
 20335 | Lair:6   | Noticed a dire elephant
 20356 | Lair:6   | Noticed a dire elephant
 20627 | Lair:6   | Noticed a dire elephant
 20648 | Lair:6   | Killed a dire elephant
 20648 | Lair:6   | Reached skill level 11 in Dodging
 20773 | Lair:6   | Killed a dire elephant
 20773 | Lair:6   | Received a gift from Okawaru
 20878 | Lair:6   | Noticed a dire elephant
 20900 | Lair:6   | Killed a dire elephant
 21280 | Lair:6   | Reached skill level 10 in Stealth
 21429 | Lair:6   | Killed a dire elephant
 21534 | Lair:6   | Noticed a dire elephant
 21534 | Lair:6   | Noticed a dire elephant
 21553 | Lair:6   | Killed a dire elephant
 21556 | Lair:6   | Killed a dire elephant
 21556 | Lair:6   | Reached skill level 10 in Invocations
 22551 | D:8      | Bought a scroll of acquirement for 780 gold pieces
 22551 | D:8      | Identified the +8 chain mail of the Falcon {rC++ rCorr
                  | Str+4 Slay-4} (You acquired it on level 8 of the Dungeon)
 22551 | D:8      | Identified the +0 lajatang of the Unspeakable One {vorpal,
                  | rC+} (You acquired it on level 8 of the Dungeon)
 22610 | D:10     | Bought the +9 plate armour "Xotim" {Stlth+} for 1011 gold
                  | pieces
 23030 | D:11     | Received a gift from Okawaru
 23676 | D:11     | Noticed an orc warlord
 23802 | D:11     | Killed an orc warlord
 24091 | D:12     | Learned a level 3 spell: Tukima's Dance
 24116 | D:12     | Noticed Frances
 24134 | D:12     | Killed Frances
 24134 | D:12     | Received a gift from Okawaru
 24569 | D:12     | Found a staircase to the Orcish Mines.
 24585 | D:12     | Found a roughly hewn altar of Beogh.
 24597 | D:12     | Reached skill level 10 in Polearms
 24597 | D:12     | Reached skill level 10 in Staves
 24597 | D:12     | Reached skill level 10 in Evocations
 24599 | D:12     | Reached XP level 15. HP: 127/128 MP: 28/28
 26126 | D:13     | Identified Uniehiha's Catalogue of Heat and Displacement
 26204 | D:13     | Paralysed by a floating eye for 3 turns
 26642 | D:13     | Found a flickering gateway to a bazaar.
 26651 | Bazaar   | Entered a bazaar
 26676 | Bazaar   | Found Jeunn's Book Shoppe.
 26696 | Bazaar   | Found Vaumesa's Gadget Shop.
 26731 | Bazaar   | Found Cossif's Book Shoppe.
 26742 | Bazaar   | Found Icroor's Antique Weapon Emporium.
 26928 | D:14     | Received a gift from Okawaru
 26928 | D:14     | Reached skill level 10 in Short Blades
 26928 | D:14     | Reached skill level 10 in Long Blades
 26928 | D:14     | Reached skill level 10 in Axes
 26928 | D:14     | Reached skill level 10 in Maces & Flails
 26928 | D:14     | Reached skill level 10 in Slings
 26928 | D:14     | Reached skill level 10 in Bows
 26928 | D:14     | Reached skill level 10 in Crossbows
 26928 | D:14     | Reached skill level 10 in Throwing
 26928 | D:14     | Reached skill level 10 in Armour
 26928 | D:14     | Reached skill level 10 in Shields
 26928 | D:14     | Reached skill level 10 in Unarmed Combat
 26928 | D:14     | Reached skill level 10 in Spellcasting
 27272 | D:14     | Found a gate to the Vaults.
 27759 | D:14     | Found Heekag's Distillery.
 27770 | D:14     | Bought a potion of heal wounds for 70 gold pieces
 27770 | D:14     | Bought 2 potions of curing for 84 gold pieces
 27823 | D:15     | Entered Level 15 of the Dungeon
 27880 | D:15     | Received a gift from Okawaru
 28312 | D:15     | Found a gate leading to a gauntlet.
 28323 | Gauntlet | Entered a Gauntlet
 28323 | Gauntlet | Found a large runed translucent door.
 28323 | Gauntlet | Found a large runed translucent door.
 28323 | Gauntlet | Found a large runed translucent door.
 28323 | Gauntlet | Found a large runed translucent door.
 28323 | Gauntlet | Found a large runed translucent door.
 28323 | Gauntlet | Found a large runed translucent door.
 28323 | Gauntlet | Found a runed translucent door.
 28323 | Gauntlet | Found a transporter.
 28323 | Gauntlet | Found a transporter.
 28323 | Gauntlet | Found a runed translucent door.
 28323 | Gauntlet | Found a large runed translucent door.
 28323 | Gauntlet | Found a large runed translucent door.
 28323 | Gauntlet | Found a large runed translucent door.
 28323 | Gauntlet | Found a large runed translucent door.
 28323 | Gauntlet | Found a large runed translucent door.
 28323 | Gauntlet | Found a large runed translucent door.
 28327 | Gauntlet | Found a transporter.
 28327 | Gauntlet | Found a transporter.
 28338 | Gauntlet | Found a transporter.
 28345 | Gauntlet | Found a transporter.
 28355 | Gauntlet | Found a transporter.
 28355 | Gauntlet | Found a transporter.
 28359 | Gauntlet | Found a transporter.
 28386 | Gauntlet | Found a transporter.
 28393 | Gauntlet | Found a transporter.
 28406 | Gauntlet | Found a large runed translucent door.
 28407 | Gauntlet | Found a large runed translucent door.
 28409 | Gauntlet | Found a runed translucent gate.
 28410 | Gauntlet | Found a runed translucent gate.
 28411 | Gauntlet | Found a transporter.
 28411 | Gauntlet | Found a runed translucent gate.
 28429 | Gauntlet | Found a large runed translucent door.
 28430 | Gauntlet | Found a large runed translucent door.
 28458 | Gauntlet | Found a transporter.
 28480 | Gauntlet | Found a transporter.
 28575 | Gauntlet | Found a transporter.
 28596 | Gauntlet | Found a transporter.
 28816 | Gauntlet | Got a crude scale mail
 28828 | Gauntlet | Identified the +2 scale mail of the Lost Path {rC++} (You
                  | found it in a Gauntlet)
 29035 | Gauntlet | Received a gift from Okawaru
 29715 | D:15     | Reached skill level 12 in Dodging
 30054 | D:15     | Found a staircase to the Depths.
 30198 | D:15     | Upgraded the game from 0.25-a0-566-g062765be81 to
                  | 0.25-a0-578-gc91f01c39c
 30327 | Orc:1    | Entered Level 1 of the Orcish Mines
 30343 | D:12     | Reached XP level 16. HP: 121/137 MP: 28/30
 30642 | Orc:2    | Entered Level 2 of the Orcish Mines
 30872 | Orc:2    | Identified the Papyrus of Supportive Battle Magic
 31018 | Orc:2    | Found a staircase to the Elven Halls.
 31781 | Orc:2    | Noticed Erolcha
 31791 | Orc:2    | Killed Erolcha
 32002 | Orc:2    | Found a radiant altar of Vehumet.
 32006 | Orc:2    | Found Niasouph's Distillery.
 32050 | Orc:2    | Found a roughly hewn altar of Beogh.
 32050 | Orc:2    | Found Heopp's Antique Weapon Shoppe.
 32070 | Orc:2    | Found Noho's Book Emporium.
 32105 | Orc:2    | Found Pyvacakk's Gadget Shoppe.
 32147 | Orc:2    | Found an ancient bone altar of Kikubaaqudgha.
 32574 | Snake:1  | Entered Level 1 of the Snake Pit
 32576 | Snake:1  | Found Pocwyikh's Armour Emporium.
 32587 | Snake:1  | Bought a +2 pair of boots of stealth for 236 gold pieces
 32729 | Snake:1  | Noticed Aizul
 32755 | Snake:1  | Killed Aizul
 32772 | Snake:1  | Received a gift from Okawaru
 33247 | Snake:1  | Learned a level 2 spell: Swiftness
 33252 | Snake:1  | Received a gift from Okawaru
 33255 | Snake:1  | Got a pair of distressingly furry gloves {god gift}
 33266 | Snake:1  | Identified the +0 pair of gloves "Tausm" {rF- rC+ Int+5
                  | Dex+2 Slay-3} (Okawaru gifted it to you on level 1 of the
                  | Snake Pit)
 34692 | Snake:2  | Found Qaseoseg's Gadget Shoppe.
 34844 | Snake:2  | Found Depauzoh's Gadget Shoppe.
 34844 | Snake:2  | Found Poenusk's Jewellery Boutique.
 34845 | Snake:2  | Found Hoodd's Gadget Shoppe.
 35015 | Snake:2  | Bought the ring "Fughunt" {rElec rF+ MR- Int+4} for 604
                  | gold pieces
 36675 | Snake:3  | Noticed Saint Roka
 36737 | Snake:3  | Killed Saint Roka
 36907 | Snake:3  | Reached XP level 17. HP: 139/146 MP: 32/32
 36966 | Snake:3  | Received a gift from Okawaru
 38359 | Snake:4  | Entered Level 4 of the Snake Pit
 38751 | Snake:4  | Received a gift from Okawaru
 40278 | Snake:4  | Received a gift from Okawaru
 40367 | Snake:4  | Reached skill level 13 in Dodging
 40577 | Snake:4  | HP: 1/147 [nagaraja/bolt of poison (22)]
 40577 | Snake:4  | Slain by a nagaraja

Levels and vault maps discovered:
D:1:      minmay_arrival_diagonal_passages, layout_loops_corners
D:2:      layout_rooms, marbit_many_paths, uniq_sigmund
D:3:      layout_basic, chequers_ecumenical_altar_simple
D:4:      layout_basic, nicolae_overflow_hidden_temple, gammafunk_ghost_grave,
          serial_bayou_lagoon_a, st_stairs_12, uniq_robin
D:5:      layout_basic, minmay_temple_entry_wispy, nicolae_ossuary_entry_plus,
          first_ration, serial_bayou_pond_b, uniq_duvessa
D:6:      layout_cave_pools, minmay_misc_feat_alley
D:7:      layout_loops_ring, grunt_livestock, fedhas_bush_and_centaur_altar,
          uniq_maggie, uniq_joseph, uniq_menkaure
D:8:      layout_basic, minmay_lair_entry_grove, minmay_shop_grid_forest,
          hex_intersection
D:9:      layout_long_grid, serial_glass, glass_columns_a, glass_columns_a,
          basic_altar, grunt_potential
D:10:     layout_cave_pools, serial_shops, nicolae_shop_crystal, enter_bailey_2,
          kennysheep_generic_room_14
D:11:     lemuel_castle_with_subvaults [lemuel_castle_interior_carwin_1],
          layout_irregular_city
D:12:     layout_basic, minmay_orc_entry_temple_small,
          kennysheep_opposing_triangles, uniq_frances
D:13:     cheibrodos_hippocracy, layout_rooms, serial_shops, bzr_firewalk,
          minmay_statues_item
D:14:     minmay_mutant_horseshoe, layout_basic, david_vaults_1, serial_shops,
          nicolae_shop_waterfront, chequers_avenue
D:15:     grunt_enter_depths_snipers, layout_gridville, gauntlet_entry_generic,
          minmay_misc_feat_columns
Temple:   dpeg_five_rooms_temple
Lair:1:   layout_layer_cave, grunt_megastairs_5, uniq_harold
Lair:2:   layout_chaotic_city, minmay_shoals_entry_lonely_mermaid,
          gammafunk_ghost_hive, infiniplex_staircase_pool
Lair:3:   layout_roguey, serial_bayou_pond_d
Lair:4:   layout_hall_layers, minmay_snake_entry_six_corridors
Lair:5:   layout_gridlike, dpeg_slime_entry_corner
Lair:6:   due_jungle_book, layout_cave_pods
Snake:1:  layout_gridlike, serial_shops, shop, uniq_aizul
Snake:2:  layout_rooms, serial_shops, shop_statue, drop_trap, minmay_shop_grove
Snake:3:  layout_onion_interference, portal_ice_cave_entry_horrid_things,
          st_stairs_11, uniq_saint_roka
Snake:4:  grunt_snake_rune_serpentine_throne, layout_cave_town,
          minmay_snake_pond
Orc:1:    layout_caves, mines2_david
Orc:2:    kennysheep_orc_mage_school, layout_caves, library_closet

Skill      XL: |  1  2  3  4  5  6  7  8  9 10 11 12 13 14 15 16 17 |
---------------+----------------------------------------------------+-----
Invocations    | 1 2 3 4 6 7 8 9 10 11 12 | 12.4
Short Blades   | 1 2 3 5 6 7 8 9 10 11 | 11.5
Long Blades    | 1 2 3 5 6 7 8 9 10 11 | 11.5
Axes           | 1 2 3 5 6 7 8 9 10 11 | 11.5
Maces & Flails | 1 2 3 5 6 7 8 9 10 11 | 11.5
Polearms       | 3 4 6 7 8 9 10 11 | 11.8
Staves         | 3 4 6 7 8 9 10 11 | 11.8
Slings         | 1 2 3 5 6 7 8 9 10 11 | 11.5
Bows           | 1 2 3 5 6 7 8 9 10 11 | 11.5
Crossbows      | 1 2 3 5 6 7 8 9 10 11 | 11.5
Throwing       | 1 2 3 5 6 7 8 9 10 11 | 11.5
Armour         | 1 2 3 5 6 7 8 9 10 11 | 11.5
Shields        | 1 2 3 5 6 7 8 9 10 11 | 11.5
Unarmed Combat | 1 2 3 5 6 7 8 9 10 11 | 11.5
Spellcasting   | 1 2 3 5 6 7 8 9 10 11 | 11.5
Conjurations   | 1 2 3 4 5 6 7 8 9 |  9.9
Hexes          | 1 2 3 4 5 6 7 8 9 |  9.9
Charms         | 1 2 3 4 5 6 7 8 9 |  9.9
Summonings     | 1 2 3 4 5 6 7 8 9 |  9.9
Necromancy     | 1 2 3 4 5 6 7 8 9 |  9.9
Translocations | 1 2 3 4 5 6 7 8 9 |  9.9
Transmutations | 1 2 3 4 5 6 7 8 9 |  9.9
Fire Magic     | 1 2 3 4 5 6 7 8 9 |  9.9
Ice Magic      | 1 2 3 4 5 6 7 8 9 |  9.9
Air Magic      | 1 2 3 4 5 6 7 8 9 |  9.9
Earth Magic    | 1 2 3 4 5 6 7 8 9 |  9.9
Poison Magic   | 1 2 3 4 5 6 7 8 9 |  9.9
Evocations     | 3 4 6 7 8 9 10 11 | 11.8
Fighting       | 5 7 8 9 10 11 12 | 12.3
Dodging        | 7 8 9 10 11 12 13 | 13.0
Stealth        | 5 7 8 9 10 11 12 | 12.2

Action                   |  1- 3 |  4- 6 |  7- 9 | 10-12 | 13-15 | 16-18 || total
-------------------------+-------+-------+-------+-------+-------+-------++-------
Melee: Spear             |    97 |   190 |   354 |    44 |       |       ||   685
       Bite              |     4 |    22 |    38 |    68 |   127 |   105 ||   364
       Punch             |     1 |     1 |     5 |     1 |       |       ||     8
       Halberd           |       |       |       |   152 |       |       ||   152
       Trident           |       |       |       |    57 |       |       ||    57
       Glaive            |       |       |       |   584 |  1311 |   933 ||  2828
Invok: Heroism           |       |       |       |     2 |    40 |    24 ||    66
       Finesse           |       |       |       |       |     7 |     4 ||    11
Evoke: Wand              |       |       |       |       |     1 |       ||     1
       Lamp of fire      |       |       |       |       |     1 |       ||     1
  Use: Potion            |     2 |     1 |     9 |    14 |     7 |    13 ||    46
       Scroll            |       |     5 |    10 |    15 |     7 |     5 ||    42
 Stab: Sleeping          |     8 |     4 |     5 |    19 |    23 |     7 ||    66
       Distracted        |     1 |     1 |       |     2 |     9 |     6 ||    19
       Invisible         |       |       |       |     2 |    10 |     1 ||    13
  Eat: Chunk             |       |     5 |     9 |    48 |    58 |    34 ||   154
       Ration            |       |       |       |     2 |       |       ||     2
Armor: Robe              |     7 |       |       |       |       |       ||     7
       Skin              |     7 |       |       |    16 |       |       ||    23
       Scale mail        |       |    58 |   129 |       |       |       ||   187
       Plate armour      |       |       |    16 |   169 |   483 |   743 ||  1411
       Swamp dragon scal |       |       |       |   252 |   233 |       ||   485
       Ice dragon scales |       |       |       |     7 |       |       ||     7
Dodge: Dodged            |    42 |   104 |   202 |   674 |  1118 |   716 ||  2856
Block: Other             |       |       |       |    24 |       |       ||    24

Table legend:
 A = Non-vault XP
 B = Vault XP
 C = Vault XP percentage of total XP
 D = Non-vault monster count
 E = Vault monster count
 F = Vault count percentage of total count
                 A         B        C        D         E       F
            +---------+---------+-------+---------+---------+-------
      Total |  136864 |   85952 |  38.6 |     651 |     338 |  34.2
            +---------+---------+-------+---------+---------+-------
        D:1 |      37 |       0 |   0.0 |      16 |       0 |   0.0
        D:2 |      69 |     209 |  75.2 |      22 |       2 |   8.3
        D:3 |     101 |       0 |   0.0 |      18 |       0 |   0.0
        D:4 |     245 |      68 |  21.7 |       8 |      13 |  61.9
        D:5 |     777 |     483 |  38.3 |      19 |       4 |  17.4
        D:6 |    1072 |       0 |   0.0 |      42 |       0 |   0.0
        D:7 |    1604 |    2124 |  57.0 |      31 |       9 |  22.5
        D:8 |     439 |    1703 |  79.5 |       8 |      11 |  57.9
        D:9 |     554 |    1042 |  65.3 |      17 |       7 |  29.2
       D:10 |    3480 |     139 |   3.8 |      27 |       1 |   3.6
       D:11 |    7909 |    5255 |  39.9 |      47 |      53 |  53.0
       D:12 |    7678 |    3877 |  33.6 |      46 |      15 |  24.6
       D:13 |    4692 |    6606 |  58.5 |      23 |      17 |  42.5
       D:14 |    3133 |    4788 |  60.4 |      14 |       7 |  33.3
       D:15 |    8197 |    2450 |  23.0 |      30 |       3 |   9.1
     Lair:1 |    2935 |    1935 |  39.7 |      15 |       4 |  21.1
     Lair:2 |    3651 |    2803 |  43.4 |      15 |      11 |  42.3
     Lair:3 |    3682 |       0 |   0.0 |      11 |       0 |   0.0
     Lair:4 |    5022 |    2533 |  33.5 |      21 |      18 |  46.2
     Lair:5 |    7062 |       0 |   0.0 |      28 |       0 |   0.0
     Lair:6 |   15703 |    2876 |  15.5 |      37 |       5 |  11.9
    Snake:1 |    8256 |    1742 |  17.4 |      17 |       1 |   5.6
    Snake:2 |   15456 |     448 |   2.8 |      27 |       1 |   3.6
    Snake:3 |   15121 |    8979 |  37.3 |      25 |      23 |  47.9
    Snake:4 |   12123 |   19220 |  61.3 |      22 |      34 |  60.7
      Orc:1 |    3162 |       0 |   0.0 |      20 |       0 |   0.0
      Orc:2 |    4704 |    7248 |  60.6 |      45 |      34 |  43.0
    Ossuary |       0 |     260 | 100.0 |       0 |      13 | 100.0
     Bailey |       0 |    2324 | 100.0 |       0 |      39 | 100.0
   Gauntlet |       0 |    6840 | 100.0 |       0 |      13 | 100.0
            +---------+---------+-------+---------+---------+-------
